 Dungeon Crawl Stone Soup version 0.32-a0-711-g016ad743e0 (webtiles) character file.

Game seed: 1225923325976847778

5556 cforsyth the Cleaver (level 10, -2/90 HPs)
             Began as a Mountain Dwarf Cinder Acolyte on Mar 16, 2024.
             Was a High Priest of Ignis.
             Slain by a tengu warrior
             ... wielding a +0 long sword
              (7 damage)
             ... on level 9 of the Dungeon.
             The game lasted 00:17:05 (12360 turns).

cforsyth the Cleaver (MDCA)                        Turns: 12360, Time: 00:17:06

Health: -2/90      AC: 14    Str: 19    XL:     10   Next: 44%
Magic:  17/17      EV:  5    Int: 17    God:    Ignis [*****.]
Gold:   615        SH:  0    Dex:  5    Spells: 17/19 levels left

rFire   + . .        o - +8 trident of the Octopus King {venom, rElec rPois}
rCold   . . .        (no shield)
rNeg    . . .        H - +0 plate armour
rPois   +            (no helmet)
rElec   +            (no cloak)
rCorr   .            (no gloves)
SInv    .            v - +0 pair of boots
Will    +....        k - amulet of magic regeneration Stlth
                     Z - ring of wizardry
HPRegen 0.35/turn    (no ring)
MPRegen 0.55/turn

%: wizardry (x1)
@: no status effects
A: runic magic, artefact enchanting
a: Renounce Religion, Fiery Armour, Foxfire Swarm, Rising Flame


You were on level 9 of the Dungeon.
You worshipped Ignis.
Ignis was extremely pleased with you.
You visited 1 branch of the dungeon, and saw 10 of its levels.
You also visited: Ossuary.

You collected 615 gold pieces.


Innate Abilities, Weirdness & Mutations

Your spellcasting is much less encumbered by armour.
You can use scrolls of enchantment on lesser artefacts.


   Skills:
 + Level 8.6 Fighting
 + Level 9.4 Axes
 + Level 7.8 Armour
 + Level 3.8 Shields
 - Level 5.1 Spellcasting
 - Level 8.2 Fire Magic


You had 17 spell levels left.
You knew the following spells:

 Your Spells              Type           Power      Damage    Failure   Level
X - Scorch                Fire           64%        2d7       1%          2

Your spell library contained the following spells:

 Spells                   Type           Power      Damage    Failure   Level
 Volatile Blastmotes      Fire/Tloc      36%        2d13      7%          3
 Summon Small Mammal      Summ           16%        N/A       12%         1
 Blink                    Tloc           8%         N/A       19%         2
 Call Imp                 Summ           8%         N/A       19%         2
 Lesser Beckoning         Tloc           8%         N/A       19%         2
 Mercury Vapours          Alch/Air       8%         N/A       19%         2
 Momentum Strike          Conj/Tloc      8%         3d8       19%         2
 Sublimation of Blood     Necr           4%         N/A       19%         2
 Summon Blazeheart Golem  Fire/Summ      18%        N/A       22%         4
 Call Canine Familiar     Summ           4%         N/A       34%         3
 Mephitic Cloud           Conj/Alch/Air  4%         N/A       34%         3
 Sigil of Binding         Hex            4%         N/A       34%         3
 Summon Ice Beast         Ice/Summ       4%         N/A       34%         3
 Animate Dead             Necr           4%         N/A       73%         4
 Dimensional Bullseye     Hex/Tloc       2%         N/A       73%         4
 Fulminant Prism          Conj/Alch      2%         3d5       73%         4
 Iskenderun's Mystic Bla  Conj/Tloc      4%         2d3       73%         4
 Borgnjor's Vile Clutch   Necr/Erth      2%         N/A       96%         5
 Freezing Cloud           Conj/Ice/Air   2%         6-21      96%         5
 Summon Mana Viper        Hex/Summ       4%         N/A       96%         5
 Death Channel            Necr           2%         N/A       100%        6
 Monstrous Menagerie      Summ           2%         N/A       100%        7
 Summon Hydra             Summ           2%         N/A       100%        7

Inventory:

Hand Weapons
 o - the +8 trident of the Octopus King (weapon) {venom, rElec rPois}
   (You found it on level 3 of the Dungeon)

   rElec:     It insulates you from electricity.
   rPois:     It protects you from poison.
Missiles
 w - 2 throwing nets {=f}
Armour
 t - a +0 chain mail
 v - a +0 pair of boots (worn)
 D - a +2 buckler
 H - a +0 plate armour (worn)
Jewellery
 k - an amulet of magic regeneration (around neck)
 B - an amulet of guardian spirit
 C - a ring of ice
 Z - a ring of wizardry (left hand)
Wands
 a - a wand of paralysis (8)
 s - a wand of roots (7)
 F - a wand of polymorph (11)
 G - a wand of flame (5)
Scrolls
 d - 4 scrolls of teleportation {@r2}
 e - a scroll of enchant armour
 g - a scroll of poison
 m - 2 scrolls of vulnerability
 n - a scroll of torment
 p - 3 scrolls of immolation
 u - 4 scrolls of blinking
 y - a scroll of revelation
 A - a scroll of enchant weapon {unknown}
Potions
 b - 3 potions of brilliance
 c - 2 potions of enlightenment
 f - 2 potions of invisibility
 h - 5 potions of curing {@q1}
 i - a potion of heal wounds {@q2}
 j - 3 potions of degeneration
 l - 4 potions of lignification
 q - 2 potions of berserk rage {!q}
 r - 4 potions of attraction
 x - a potion of mutation
 z - a potion of magic
 E - 2 potions of ambrosia {unknown}

Dungeon Overview and Level Annotations

Branches:
Dungeon (10/15)            Temple (0/1) D:4            Lair (0/5) D:8
Ossuary (visited)
    Orc: D:9-12

Altars:
Ashenzari
Cheibriados
Dithmenos
Gozag
Hepliaklqana
Kikubaaqudgha
Makhleb
Okawaru
Qazlal
Sif Muna
Uskayaw
Vehumet
Wu Jian
Xom

Shops:
D:1 [   D:8 :   D:9 =

Annotations:
D:3 1 runed translucent door, Doorstop00's ghost, amateur MiBe
D:4 2 transporters

####.#...#....................
#.............................
####.#...#......###...####.#..
#.#...#......###...........
###..........................
#..##########...#............
#..# #...#>.#......... # #..#
##Q..#..#..##..... # #>.#
#@..##..#..##..#.. # #..#
##...##..#.##...... # #..#
#...###..#.##...#.. # #..#
##...# #..#.▒▒)▒▒#.. #####..#
##...## #..#▒▒...▒▒.. .......#
##...## #..▒▒.....▒▒. .......#
##...## #..▒.......▒. .......#
##...## #......⚑..... ...))..#
#...## #..▒.......▒.


You could see a tengu warrior (very poisoned).


Message History

The tengu warrior blocks your attack.
The tengu warrior is severely wounded.
The tengu warrior hits you with a +0 long sword!
* * * LOW HITPOINT WARNING * * *
The tengu warrior barely misses you.
The tengu warrior claws you but does no damage.
The tengu warrior attacks as it pursues you!
The tengu warrior hits you but does no damage.
The tengu warrior pecks you but does no damage.
The tengu warrior barely misses you.
The tengu warrior attacks as it pursues you!
The tengu warrior hits you with a +0 long sword.
* * * LOW HITPOINT WARNING * * *
The tengu warrior pecks you but does no damage.
The tengu warrior claws you but does no damage.
The tengu warrior attacks as it pursues you!
The tengu warrior hits you with a +0 long sword.
* * * LOW HITPOINT WARNING * * *
The tengu warrior barely misses you.
The tengu warrior claws you but does no damage.
The tengu warrior attacks as it pursues you!
The tengu warrior hits you with a +0 long sword!
* * * LOW HITPOINT WARNING * * *
The tengu warrior barely misses you.
The tengu warrior claws you but does no damage.
You barely miss the tengu warrior.
The tengu warrior is almost dead.
The tengu warrior hits you with a +0 long sword!
You die...
Ignis goes out, and joins you in death.

Skill      XL: |  1  2  3  4  5  6  7  8  9 10 |
---------------+-------------------------------+-----
Armour         | 1 2 3 4 5 7 |  7.8
Fire Magic     | 4 5 6 7 8 |  8.2
Axes           | 4 5 6 7 8 9 |  9.4
Fighting       | 4 5 6 7 8 |  8.6
Spellcasting   | 2 3 4 5 |  5.1
Shields        | 2 3 |  3.8

Action                     |  1- 3 |  4- 6 |  7- 9 | 10-12 || total
---------------------------+-------+-------+-------+-------++-------
  Melee: Hand axe          |   107 |       |       |       ||   107
         Trident           |       |    78 |   396 |   139 ||   613
   Cast: Scorch            |    19 |    23 |    14 |       ||    56
  Evoke: Wand              |       |       |     3 |       ||     3
    Use: Scroll            |       |       |    17 |     4 ||    21
         Potion            |       |       |     1 |     2 ||     3
 Armour: Robe              |    92 |    23 |       |       ||   115
         Chain mail        |       |    61 |   350 |    63 ||   474
         Plate armour      |       |       |       |    98 ||    98
  Dodge: Dodged            |    88 |    36 |   126 |    52 ||   302

Levels and vault maps discovered:
D:1:      dpeg_cavernosity, layout_loops_ring, serial_shops, shop,
          chequers_serial_rivers_micro_e, minmay_misc_feat_square,
          minmay_hexomino_c4
D:2:      layout_loops_ring, serial_rivers, chequers_serial_rivers_micro_c,
          chequers_serial_rivers_large_b, chequers_serial_rivers_micro_d,
          chequers_serial_rivers_micro_b, chequers_serial_rivers_micro_a,
          minivault_11, kennysheep_generic_room_6
D:3:      layout_loops_ring, mainiacjoe_overflow_surrounded_room,
          ebering_ghost_reflecting_pool, hellmonk_ecumenical_altar_blasted,
          minmay_cupped
D:4:      layout_basic, minmay_temple_entry_butterflies,
          gammafunk_ghost_gnarly_gnolls, corexii_corridor_pit, kennysheep_nub,
          minmay_quantized, uniq_blork_the_orc
D:5:      layout_cave_pools, grunt_decor_mini_mirrors,
          serial_library_hellmonk_octagon, uniq_pikel, uniq_edmund
D:6:      layout_loops_corners, mainiacjoe_overflow_paths, enter_ossuary_1
D:7:      layout_loops_cross, hellmonk_sif_muna_bookshelves, slow_altar_1,
          mainiacjoe_overflow_concentric_impassable, minmay_misc_feat_roman,
          st_stairs_3, kennysheep_generic_room_13
D:8:      layout_gridville, grunt_gozag_breadcrumbs, lemuel_doored_altar,
          marbit_many_paths, nicolae_overflow_crystal_walls,
          chequers_temple_overflow_statue_of_worship, erik_lair_orcish_takeover,
          nicolae_shop_self_help
D:9:      layout_basic, grunt_dithmenos_smoke, lemuel_round_altar,
          lemuel_round_altar, serial_shops, nicolae_shop_gaudy_bauble,
          serial_curves, eino_curves_01, eino_curves_04
D:10:     layout_loops_ring, grunt_potential

Notes
Turn   | Place    | Note
-------+----------+-------------------------------------------
     0 | D:1      | cforsyth the Mountain Dwarf Cinder Acolyte began the quest
                  | for the Orb.
     0 | D:1      | Reached XP level 1. HP: 19/19 MP: 2/2
   266 | D:1      | Reached XP level 2. HP: 22/26 MP: 3/3
   368 | D:1      | Reached skill level 1 in Armour
   568 | D:1      | Reached skill level 4 in Fire Magic
   571 | D:1      | Learned a level 2 spell: Scorch
   599 | D:1      | Reached XP level 3. HP: 31/31 MP: 2/5
   601 | D:1      | Reached skill level 4 in Axes
   687 | D:1      | Found Yreph's Antique Armour Boutique.
  1778 | D:1      | Found Yreph's Antique Armour Boutique.
  2355 | D:2      | Reached XP level 4. HP: 40/40 MP: 6/6
  2687 | D:2      | Reached skill level 4 in Fighting
  3094 | D:3      | Reached skill level 2 in Armour
  3104 | D:3      | Reached XP level 5. HP: 46/46 MP: 3/7
  3117 | D:3      | Found the +8 trident of the Octopus King {venom, rElec
                  | rPois}
  3149 | D:3      | Found an ancient bone altar of Kikubaaqudgha.
  3176 | D:3      | Found a runed translucent door.
  3179 | D:3      | Noticed Doorstop00's ghost (amateur MiBe)
  3286 | D:3      | Reached skill level 2 in Spellcasting
  3314 | D:3      | Found a faded altar of an unknown god.
  3966 | D:4      | Noticed Blork the orc
  4154 | D:4      | Killed Blork the orc
  4155 | D:4      | Reached XP level 6. HP: 45/53 MP: 9/9
  4228 | D:4      | Noticed a sky beast
  4237 | D:4      | Killed a sky beast
  4238 | D:4      | Reached skill level 5 in Axes
  4238 | D:4      | Reached skill level 5 in Fire Magic
  4264 | D:4      | Reached skill level 3 in Armour
  4311 | D:4      | Reached XP level 7. HP: 60/60 MP: 9/11
  4453 | D:4      | Identified the +8 spear "Esowen" {venom, rPois rN+}
  4560 | D:4      | Reached skill level 5 in Fighting
  4594 | D:4      | Found a transporter.
  4637 | D:4      | Found a transporter.
  4712 | D:4      | Found a staircase to the Ecumenical Temple.
  4721 | D:5      | Entered Level 5 of the Dungeon
  4838 | D:4      | Reached skill level 3 in Spellcasting
  5170 | D:5      | Noticed Pikel
  5207 | D:4      | Killed Pikel
  5208 | D:4      | Reached skill level 6 in Axes
  5208 | D:4      | Reached skill level 4 in Armour
  5208 | D:4      | Reached skill level 6 in Fire Magic
  5208 | D:4      | Reached XP level 8. HP: 41/70 MP: 11/13
  5306 | D:5      | Noticed Edmund
  5321 | D:5      | Killed Edmund
  5322 | D:5      | Reached skill level 6 in Fighting
  5599 | D:5      | Reached skill level 4 in Spellcasting
  5804 | D:5      | Reached skill level 5 in Armour
  5999 | D:5      | Reached skill level 7 in Axes
  5999 | D:5      | Reached skill level 7 in Fire Magic
  6634 | D:6      | Reached XP level 9. HP: 74/78 MP: 15/15
  6650 | D:6      | Found a sand-covered staircase.
  6667 | Ossuary  | Entered an ossuary
  7513 | D:6      | Found a burning altar of Makhleb.
  7630 | D:6      | Noticed a troll
  7635 | D:6      | Reached skill level 7 in Fighting
  7646 | D:6      | Killed a troll
  7647 | D:6      | Reached skill level 6 in Armour
  8019 | D:6      | Identified the +5 trident of Circular Logic {elec, rElec
                  | Str+2}
  8281 | D:7      | Found a snail-covered altar of Cheibriados.
  8333 | D:7      | Reached skill level 8 in Axes
  8377 | D:7      | Reached skill level 8 in Fire Magic
  8380 | D:7      | Reached skill level 5 in Spellcasting
  8473 | D:7      | Found a hazy altar of Hepliaklqana.
  9086 | D:7      | Found a shimmering blue altar of Sif Muna.
  9262 | D:7      | Reached skill level 1 in Shields
  9609 | D:8      | Found a radiant altar of Vehumet.
  9680 | D:8      | Reached skill level 7 in Armour
  9680 | D:8      | Reached skill level 2 in Shields
  9680 | D:8      | Reached XP level 10. HP: 73/88 MP: 17/17
  9754 | D:8      | Found an opulent altar of Gozag.
  9908 | D:8      | Reached skill level 8 in Fighting
  9929 | D:8      | HP: 7/88 [wolf (7)]
 10191 | D:8      | Found a staircase to the Lair.
 10251 | D:8      | Found a broken altar of Ashenzari.
 10297 | D:8      | Found an iron altar of Okawaru.
 10333 | D:8      | Found a hide-covered altar of Uskayaw.
 10542 | D:8      | Reached skill level 9 in Axes
 10583 | D:8      | Found a stormy altar of Qazlal.
 10677 | D:8      | Found Rubatuf's Self-Improvement Boutique.
 11018 | D:8      | Reached skill level 3 in Shields
 11219 | D:9      | Found a shimmering altar of Xom.
 11235 | D:9      | Found a shadowy altar of Dithmenos.
 11664 | D:9      | Found Worghua's Jewellery Emporium.
 11668 | D:9      | Found an ornate altar of the Wu Jian Council.
 12308 | D:10     | Entered Level 10 of the Dungeon
 12321 | D:10     | Noticed a tengu warrior
 12359 | D:9      | HP: 4/90 [tengu warrior/+0 long sword (16)]
 12360 | D:9      | Slain by a tengu warrior

Vanquished Creatures
  Pikel (D:4)
  A troll (D:6)
  3 yaks
  Edmund (D:5)
  2 acid dragons
  2 water moccasins
  5 sky beasts
  2 orc warriors (D:8)
  A black bear (D:4)
  An ogre (D:5)
  2 ice beasts
  2 wolves (D:8)
  3 centaurs
  3 lemures (D:4)
  A phantom (D:6)
  A kobold brigand (D:8)
  4 bullfrogs
  A gnoll sergeant (D:9)
  Blork the orc (D:4)
  2 scorpions
  4 wights
  6 killer bees (D:7)
  3 howler monkeys
  A bombardier beetle (D:7)
  A gnoll bouda (D:5)
  2 hounds
  A jelly (D:5)
  6 orc priests
  A spectral scorpion (Ossuary)
  A sleepcap (D:5)
  A centaur skeleton (Ossuary)
  3 iguanas
  7 orc wizards
  A crocodile zombie (Ossuary)
  10 mummies (Ossuary)
  14 gnolls
  14 adders
  2 shadow imps (D:5)
  4 white imps
  2 ufetubi (D:6)
  A dart slug (D:1)
  3 ribbon worms
  30 orcs
  10 endoplasms
  4 giant cockroaches
  15 goblins
  3 hobgoblins
  7 jackals
  4 quokkas
  8 ball pythons
  10 bats
  2 frilled lizards (D:1)
  3 gnoll skeletons (Ossuary)
  11 kobolds
  4 orc skeletons (Ossuary)
  3 rats
  10 spectral rats (Ossuary)
  A butterfly (D:4)
252 creatures vanquished.

Table legend: (Time is in decaauts)
 A = Elapsed time spent in this place.
 B = Non-inter-level travel time spent in this place.
 C = Inter-level travel time spent in this place.
 D = Time resting spent in this place.
 E = Time spent auto-exploring this place.
 F = Levels seen in this place.
 G = Mean time per level.
                   A        B        C        D        E       F      G
               +--------+--------+--------+--------+--------+-----+--------+
         Total |  12483 |  12088 |    395 |   1384 |   8723 |  11 | 1134.8 |
       Dungeon |  11814 |  11419 |    395 |   1378 |   8270 |  10 | 1181.4 |
       Ossuary |    668 |    668 |      0 |      6 |    453 |   1 |  668.0 |
               +--------+--------+--------+--------+--------+-----+--------+

Top non-repeatable levels by time:
     D:1: 1921 daAuts
     D:8: 1467 daAuts
     D:4: 1391 daAuts
     D:7: 1375 daAuts
     D:9: 1246 daAuts
     D:2: 1238 daAuts
     D:5: 1078 daAuts
     D:6: 1039 daAuts
     D:3: 1022 daAuts
 Ossuary: 668 daAuts
    D:10: 32 daAuts

Table legend:
 A = Non-vault XP
 B = Vault XP
 C = Vault XP percentage of total XP
 D = Non-vault monster count
 E = Vault monster count
 F = Vault count percentage of total count
                 A         B        C        D         E       F
            +---------+---------+-------+---------+---------+-------
      Total |    5574 |    2364 |  29.8 |     175 |      73 |  29.4
            +---------+---------+-------+---------+---------+-------
        D:1 |      37 |      16 |  30.2 |      20 |      10 |  33.3
        D:2 |     120 |       6 |   4.8 |      23 |       3 |  11.5
        D:3 |     138 |       2 |   1.4 |      21 |       2 |   8.7
        D:4 |     576 |     959 |  62.5 |      24 |      10 |  29.4
        D:5 |     679 |     199 |  22.7 |      24 |       3 |  11.1
        D:6 |     875 |       0 |   0.0 |      17 |       0 |   0.0
        D:7 |    1037 |     114 |   9.9 |      14 |       3 |  17.6
        D:8 |    1177 |     695 |  37.1 |      15 |      11 |  42.3
        D:9 |     907 |       0 |   0.0 |      15 |       0 |   0.0
       D:10 |      28 |       0 |   0.0 |       2 |       0 |   0.0
    Ossuary |       0 |     373 | 100.0 |       0 |      31 | 100.0
            +---------+---------+-------+---------+---------+-------
